[Event "11th Dolomiti Open 2020"]
[Site "Forni di Sopra"]
[Date "2020.09.26"]
[Round "1.1"]
[White "Basso, Pier Luigi"]
[Black "Pasini, Nicolo"]
[Result "1-0"]
[ECO "D02"]
[WhiteElo "2603"]
[BlackElo "2276"]
[Annotator "ChessBase"]
[PlyCount "99"]
[EventDate "2020.09.26"]
[EventType "swiss"]
[EventCountry "ITA"]
[SourceTitle "playchess.com"]
[Source "ChessBase"]
[SourceQuality "1"]
[TimeControl "40/5400+30:1800+30"]

1. d4 d5 2. Nf3 Nf6 3. Bf4 c5 4. e3 Nc6 5. Nbd2 cxd4 6. exd4 Bf5 7. c3 e6 8. Bb5 Bd6 9. Ne5 Qc7 10. c4 Nd7 11. cxd5 exd5 12. O-O O-O 13. Nxd7 Bxf4 14. Nxf8 Nxd4 15. Ba4 Bxh2+ 16. Kh1 Qf4 17. Nf3 Nxf3 18. Qxf3 Rxf8 19. Qxf4 Bxf4 20. Rad1 Rd8 21. Rfe1 Be6 22. Bb3 g6 23. Rd3 Bg5 24. Red1 Bf6 25. Bxd5 Bxd5 26. Rxd5 Rxd5 27. Rxd5 Bxb2 28. Rd7 a5 29. Rxb7 Bc3 30. Kg1 Kg7 31. Kf1 h5 32. Ke2 Kf6 33. Rb3 Bb4 34. Kd3 Ke5 35. Kc4 g5 36. a3 Bd2 37. Rd3 Bc1 38. Rd5+ Ke6 39. Rxa5 h4 40. a4 f5 41. Rd5 Bf4 42. a5 Bb8 43. a6 g4 44. Rd2 Ke5 45. Rd7 h3 46. gxh3 gxh3 47. Rh7 Kf4 48. Rxh3 Ba7 49. Kd3 Bxf2 50. Rh2 1-0

[Event "11th Dolomiti Open 2020"]
[Site "Forni di Sopra"]
[Date "2020.09.26"]
[Round "1.2"]
[White "Moroni, Luca Jr"]
[Black "Simonetto, Andrea"]
[Result "1-0"]
[ECO "D31"]
[WhiteElo "2530"]
[BlackElo "2195"]
[Annotator "ChessBase"]
[PlyCount "43"]
[EventDate "2020.09.26"]
[EventType "swiss"]
[EventCountry "ITA"]
[SourceTitle "playchess.com"]
[Source "ChessBase"]
[SourceQuality "1"]
[TimeControl "40/5400+30:1800+30"]

1. d4 d5 2. c4 e6 3. Nc3 Bb4 4. cxd5 exd5 5. Bf4 Nf6 6. e3 Ne4 7. Rc1 c5 8. dxc5 Bxc3+ 9. bxc3 Nc6 10. Nf3 Bg4 11. Be2 O-O 12. O-O Nxc5 13. c4 Ne6 14. cxd5 Nxf4 15. exf4 Ne7 16. d6 Nc8 17. Rc4 Re8 18. Rd4 Re6 19. d7 Nb6 20. h3 Bxf3 21. Bxf3 Rb8 22. Re1 1-0

[Event "11th Dolomiti Open 2020"]
[Site "Forni di Sopra"]
[Date "2020.09.26"]
[Round "1.3"]
[White "Gueci, Tea"]
[Black "Heberla, Bartlomiej"]
[Result "0-1"]
[ECO "C84"]
[WhiteElo "2228"]
[BlackElo "2566"]
[Annotator "ChessBase"]
[PlyCount "51"]
[EventDate "2020.09.26"]
[EventType "swiss"]
[EventCountry "ITA"]
[SourceTitle "playchess.com"]
[Source "ChessBase"]
[SourceQuality "1"]
[TimeControl "40/5400+30:1800+30"]

1. e4 e5 2. Nf3 Nc6 3. Bb5 a6 4. Ba4 Nf6 5. d3 d6 6. c4 Be7 7. O-O O-O 8. h3 Nb8 9. Nc3 c6 10. Bc2 Nbd7 11. a4 a5 12. Be3 Re8 13. Re1 Bf8 14. b3 Nc5 15. d4 exd4 16. Bxd4 Nfd7 17. Qd2 Ne6 18. Be3 Ndc5 19. Rad1 Qc7 20. Nh2 Na6 21. f4 Nec5 22. Nf3 Bd7 23. Nd4 Rad8 24. Qf2 Bc8 25. Qf3 Nb4 26. Bb1 0-1

[Event "11th Dolomiti Open 2020"]
[Site "Forni di Sopra"]
[Date "2020.09.26"]
[Round "1.4"]
[White "Bonade, Massimo"]
[Black "Gumularz, Szymon"]
[Result "0-1"]
[ECO "B66"]
[WhiteElo "2160"]
[BlackElo "2518"]
[Annotator "ChessBase"]
[PlyCount "66"]
[EventDate "2020.09.26"]
[EventType "swiss"]
[EventCountry "ITA"]
[SourceTitle "playchess.com"]
[Source "ChessBase"]
[SourceQuality "1"]
[TimeControl "40/5400+30:1800+30"]

1. e4 c5 2. Nf3 d6 3. d4 cxd4 4. Nxd4 Nf6 5. Nc3 Nc6 6. Bg5 e6 7. Qd2 a6 8. O-O-O Be7 9. f3 Nxd4 10. Qxd4 b5 11. Kb1 Qc7 12. Qd2 Bb7 13. h4 Rc8 14. Bd3 h6 15. Be3 Nd7 16. Ne2 Ne5 17. Nd4 d5 18. Bf4 dxe4 19. fxe4 Nc4 20. Qc1 Qb6 21. Nf3 Bf6 22. e5 Be7 23. Rde1 a5 24. Nd2 a4 25. Ne4 b4 26. Bxc4 Rxc4 27. Nd6+ Bxd6 28. exd6 Be4 29. Ka1 Kd7 30. Qd1 Bxc2 31. Qg4 Qd4 32. Qf3 Be4 33. Qe2 Rc2 0-1

[Event "11th Dolomiti Open 2020"]
[Site "Forni di Sopra"]
[Date "2020.09.26"]
[Round "1.5"]
[White "Valsecchi, Alessio"]
[Black "Bucher, Grant W"]
[Result "1-0"]
[ECO "A84"]
[WhiteElo "2491"]
[BlackElo "2119"]
[Annotator "ChessBase"]
[PlyCount "79"]
[EventDate "2020.09.26"]
[EventType "swiss"]
[EventCountry "ITA"]
[SourceTitle "playchess.com"]
[Source "ChessBase"]
[SourceQuality "1"]
[TimeControl "40/5400+30:1800+30"]

1. d4 d5 2. c4 e6 3. Nc3 c6 4. e3 f5 5. Bd3 Nf6 6. Qc2 Bd6 7. Nge2 Ne4 8. O-O Qh4 9. g3 Qd8 10. f3 Nxc3 11. bxc3 O-O 12. Bd2 c5 13. e4 dxc4 14. Bxc4 cxd4 15. cxd4 Kh8 16. e5 Bc7 17. Rad1 Nc6 18. Kh1 Na5 19. Bxa5 Bxa5 20. d5 exd5 21. Rxd5 Qc7 22. Nf4 b5 23. Rxb5 Ba6 24. Ne6 Qc6 25. Rxa5 Qxc4 26. Qxc4 Bxc4 27. Nxf8 Bxf1 28. Nd7 a6 29. a4 Rd8 30. e6 g6 31. Rc5 Re8 32. Rc6 Kg7 33. Kg1 Bd3 34. f4 a5 35. Kf2 Be4 36. Ra6 Bd5 37. Nc5 Kf6 38. Ke3 Bc4 39. Rxa5 Bxe6 40. Ra6 1-0

[Event "11th Dolomiti Open 2020"]
[Site "Forni di Sopra"]
[Date "2020.09.26"]
[Round "1.6"]
[White "Tencati, Giuseppe"]
[Black "Blohberger, Felix"]
[Result "0-1"]
[ECO "E33"]
[WhiteElo "2095"]
[BlackElo "2467"]
[Annotator "ChessBase"]
[PlyCount "50"]
[EventDate "2020.09.26"]
[EventType "swiss"]
[EventCountry "ITA"]
[SourceTitle "playchess.com"]
[Source "ChessBase"]
[SourceQuality "1"]
[TimeControl "40/5400+30:1800+30"]

1. d4 Nf6 2. c4 e6 3. Nc3 Bb4 4. Qc2 Nc6 5. Nf3 d6 6. e3 O-O 7. Bd3 e5 8. d5 Ne7 9. Bd2 c6 10. e4 Bg4 11. Be2 cxd5 12. cxd5 Ng6 13. g3 Rc8 14. a3 Bc5 15. b4 Bd4 16. Qd3 Qb6 17. Nxd4 exd4 18. Na4 Bxe2 19. Kxe2 Qd8 20. Qxd4 Nxe4 21. Kf1 Rc4 22. Qb2 Qd7 23. Nc3 Qh3+ 24. Kg1 Nxd2 25. Qxd2 Nh4 0-1

[Event "11th Dolomiti Open 2020"]
[Site "Forni di Sopra"]
[Date "2020.09.26"]
[Round "1.7"]
[White "Bellia, Fabrizio"]
[Black "Marchesich, Giovanni"]
[Result "1-0"]
[ECO "C70"]
[WhiteElo "2421"]
[BlackElo "2063"]
[Annotator "ChessBase"]
[PlyCount "63"]
[EventDate "2020.09.26"]
[EventType "swiss"]
[EventCountry "ITA"]
[SourceTitle "playchess.com"]
[Source "ChessBase"]
[SourceQuality "1"]
[TimeControl "40/5400+30:1800+30"]

1. e4 e5 2. Nf3 Nc6 3. Bb5 a6 4. Ba4 g6 5. d4 b5 6. Bb3 exd4 7. Nxd4 Na5 8. O-O Bb7 9. c3 Bg7 10. Bc2 Ne7 11. a4 c5 12. Nf3 d5 13. exd5 Qxd5 14. Qe2 Qc4 15. Bd3 Qg4 16. axb5 Nb3 17. Ra3 Nxc1 18. Rxc1 Bxf3 19. Qxf3 Qxf3 20. gxf3 O-O-O 21. Bf1 axb5 22. Ra5 Rd5 23. Rxb5 Nc6 24. Na3 Ne5 25. Be2 Nd7 26. Nc4 Re8 27. Kf1 Be5 28. Ra1 Kd8 29. h3 Bc7 30. Rb7 Kc8 31. Raa7 Bb8 32. Rxd7 1-0

[Event "11th Dolomiti Open 2020"]
[Site "Forni di Sopra"]
[Date "2020.09.26"]
[Round "1.8"]
[White "Lunn, Matthew"]
[Black "Barp, Alberto"]
[Result "0-1"]
[ECO "E14"]
[WhiteElo "2044"]
[BlackElo "2377"]
[Annotator "ChessBase"]
[PlyCount "60"]
[EventDate "2020.09.26"]
[EventType "swiss"]
[EventCountry "ITA"]
[SourceTitle "playchess.com"]
[Source "ChessBase"]
[SourceQuality "1"]
[TimeControl "40/5400+30:1800+30"]

1. d4 d5 2. c4 e6 3. Nf3 Nf6 4. e3 b6 5. b3 Bd6 6. Bb2 O-O 7. Bd3 Bb7 8. O-O Nbd7 9. cxd5 exd5 10. Nc3 a6 11. Rc1 Ne4 12. Qc2 Qe7 13. a3 f5 14. b4 c6 15. Na4 Rf6 16. g3 Re8 17. Qe2 Rff8 18. h4 Qe6 19. Kg2 f4 20. exf4 Bxf4 21. Rce1 Bc8 22. Bxa6 Bxa6 23. Qxa6 Ra8 24. Qd3 Rxa4 25. gxf4 Qg4+ 26. Kh1 Qh3+ 27. Kg1 Rxf4 28. Ne5 Rg4+ 29. Nxg4 Qxd3 30. f3 Nef6 0-1

[Event "11th Dolomiti Open 2020"]
[Site "Forni di Sopra"]
[Date "2020.09.26"]
[Round "1.9"]
[White "Di Lascio, Savino"]
[Black "Damele, Stefano"]
[Result "1-0"]
[ECO "A07"]
[WhiteElo "1921"]
[BlackElo "1707"]
[Annotator "ChessBase"]
[PlyCount "134"]
[EventDate "2020.09.26"]
[EventType "swiss"]
[EventCountry "ITA"]
[SourceTitle "playchess.com"]
[Source "ChessBase"]
[SourceQuality "1"]
[TimeControl "40/5400+30:1800+30"]

1. Nf3 Nf6 2. g3 d5 3. Bg2 e6 4. O-O Nbd7 5. d3 c6 6. Nbd2 Be7 7. c4 O-O 8. a3 a5 9. b3 b5 10. Nd4 Qb6 11. Bb2 Bb7 12. Ra2 bxc4 13. bxc4 Rfc8 14. Qa1 c5 15. Nb5 d4 16. Bxb7 Qxb7 17. a4 Qc6 18. Ba3 Bf8 19. Rb1 e5 20. Bc1 Ra6 21. f3 Nh5 22. Nf1 Qg6 23. Kf2 f5 24. Rb3 e4 25. Qb1 e3+ 26. Ke1 Ne5 27. Kd1 Qc6 28. Kc2 Qd7 29. Ba3 Nc6 30. Qe1 Nb4+ 31. Bxb4 axb4 32. Rb1 Rca8 33. Kb3 Nf6 34. h3 Qd8 35. Nh2 Nd7 36. f4 Nb8 37. Nf3 Nc6 38. Qd1 Na5+ 39. Kb2 Nc6 40. Ng5 Bd6 41. Qh1 Ne7 42. Kb3 h6 43. Nf3 Nc6 44. Rba1 Na5+ 45. Kb2 Nc6 46. Nh4 Ne7 47. Nxf5 Nxf5 48. Qd5+ Kh8 49. Qxf5 Be7 50. Kb3 Rf6 51. Qe4 Raa6 52. f5 Rf7 53. g4 Bf6 54. Rh1 Re7 55. Qf3 Kg8 56. h4 Rd7 57. Qg3 Qa8 58. Rg1 Be7 59. g5 hxg5 60. hxg5 Bd6 61. Qh3 Bf4 62. f6 Rb7 63. Qf5 Bh2 64. Rh1 Rxb5 65. Rxh2 Rba5 66. Qh7+ Kf8 67. Qf5 Kg8 1-0

[Event "11th Dolomiti Open 2020"]
[Site "Forni di Sopra"]
[Date "2020.09.27"]
[Round "2.1"]
[White "Barp, Alberto"]
[Black "Basso, Pier Luigi"]
[Result "1/2-1/2"]
[ECO "E11"]
[WhiteElo "2377"]
[BlackElo "2603"]
[Annotator "ChessBase"]
[PlyCount "104"]
[EventDate "2020.09.26"]
[EventType "swiss"]
[EventCountry "ITA"]
[SourceTitle "playchess.com"]
[Source "ChessBase"]
[SourceQuality "1"]
[TimeControl "40/5400+30:1800+30"]

1. d4 Nf6 2. c4 e6 3. Nf3 Bb4+ 4. Bd2 a5 5. g3 d6 6. Bg2 Nbd7 7. O-O e5 8. Be3 O-O 9. a3 exd4 10. Bxd4 Bc5 11. Nc3 Bxd4 12. Nxd4 Nb6 13. Qc2 c6 14. Ne4 Nxe4 15. Bxe4 Qf6 16. Rfd1 g6 17. c5 dxc5 18. Qxc5 Nd7 19. Qc3 Re8 20. Bg2 a4 21. h3 h5 22. Rac1 Kh7 23. Rd2 Ra6 24. e3 Ne5 25. f4 Nd7 26. e4 Qe7 27. e5 Nf8 28. Bf1 Ra8 29. Nf3 Kg8 30. Ng5 Be6 31. Ne4 Red8 32. Rd6 Nh7 33. Rcd1 Bd5 34. Qb4 Qc7 35. Rxd8+ Rxd8 36. Qxa4 Bxe4 37. Rxd8+ Qxd8 38. Qxe4 Qb6+ 39. Kh1 Qf2 40. Qg2 Qd4 41. h4 Nf8 42. Qc2 Qe3 43. Kg2 Kg7 44. Bc4 b5 45. Ba2 c5 46. Qc3 Qe2+ 47. Kg1 b4 48. axb4 cxb4 49. Qxb4 Qe3+ 50. Kg2 Qe2+ 51. Kg1 Qe3+ 52. Kg2 Qe2+ 1/2-1/2

[Event "11th Dolomiti Open 2020"]
[Site "Forni di Sopra"]
[Date "2020.09.27"]
[Round "2.2"]
[White "Heberla, Bartlomiej"]
[Black "Bellia, Fabrizio"]
[Result "1-0"]
[ECO "E92"]
[WhiteElo "2566"]
[BlackElo "2421"]
[Annotator "ChessBase"]
[PlyCount "72"]
[EventDate "2020.09.26"]
[EventType "swiss"]
[EventCountry "ITA"]
[SourceTitle "playchess.com"]
[Source "ChessBase"]
[SourceQuality "1"]
[TimeControl "40/5400+30:1800+30"]

1. d4 Nf6 2. Nf3 g6 3. c4 Bg7 4. Nc3 d6 5. e4 O-O 6. Be2 e5 7. d5 a5 8. Bg5 h6 9. Bh4 Na6 10. Nd2 Bd7 11. O-O Qe8 12. b3 Nh7 13. a3 f5 14. exf5 gxf5 15. Bh5 Qc8 16. Be7 Re8 17. Bxe8 Qxe8 18. Bh4 e4 19. Qc2 Nc5 20. Bg3 Qh5 21. Rae1 Rf8 22. Ne2 Nd3 23. Nf4 Nxe1 24. Rxe1 Qf7 25. c5 Be5 26. Nc4 a4 27. bxa4 Nf6 28. Qb3 Nxd5 29. Nxd5 Be6 30. cxd6 Bxd5 31. Nxe5 Bxb3 32. Nxf7 Kxf7 33. dxc7 Bxa4 34. Rb1 Bd7 35. Rxb7 Rc8 36. Rb8 Re8 1-0

[Event "11th Dolomiti Open 2020"]
[Site "Forni di Sopra"]
[Date "2020.09.27"]
[Round "2.3"]
[White "Fecker, Noah"]
[Black "Moroni, Luca Jr"]
[Result "0-1"]
[ECO "C84"]
[WhiteElo "2345"]
[BlackElo "2530"]
[Annotator "ChessBase"]
[PlyCount "100"]
[EventDate "2020.09.26"]
[EventType "swiss"]
[EventCountry "ITA"]
[SourceTitle "playchess.com"]
[Source "ChessBase"]
[SourceQuality "1"]
[TimeControl "40/5400+30:1800+30"]

1. e4 e5 2. Nf3 Nc6 3. Bb5 a6 4. Ba4 Nf6 5. O-O d6 6. Re1 Be7 7. c3 O-O 8. d3 Re8 9. Nbd2 Bf8 10. Nf1 g6 11. Ng3 Bg7 12. h3 b5 13. Bc2 Bb7 14. a4 Nb8 15. Be3 Nbd7 16. Qd2 c5 17. Bh6 Qc7 18. h4 Nf8 19. h5 Ne6 20. Bxg7 Kxg7 21. h6+ Kh8 22. Ng5 Ng8 23. Nxe6 fxe6 24. d4 exd4 25. cxd4 c4 26. e5 d5 27. Nf1 Qe7 28. Ra3 Rf8 29. Rh3 Rf7 30. Nh2 b4 31. f4 b3 32. Bb1 a5 33. Nf3 Qb4 34. Ng5 Re7 35. Qe3 Bc6 36. Bxg6 hxg6 37. h7 Nh6 38. Rxh6 Be8 39. Qg3 Rc8 40. Re3 c3 41. bxc3 Qb7 42. Re1 b2 43. Rb1 Qb3 44. Qf2 Rb8 45. Nf3 Rg7 46. g4 Qxc3 47. Rh2 Rxh7 48. Rg2 Rh3 49. Ng5 Qc1+ 50. Qf1 Qxf1+ 0-1

[Event "11th Dolomiti Open 2020"]
[Site "Forni di Sopra"]
[Date "2020.09.27"]
[Round "2.4"]
[White "Gumularz, Szymon"]
[Black "Seresin, Francesco"]
[Result "1-0"]
[ECO "C65"]
[WhiteElo "2518"]
[BlackElo "2371"]
[Annotator "ChessBase"]
[PlyCount "75"]
[EventDate "2020.09.26"]
[EventType "swiss"]
[EventCountry "ITA"]
[SourceTitle "playchess.com"]
[Source "ChessBase"]
[SourceQuality "1"]
[TimeControl "40/5400+30:1800+30"]

1. e4 e5 2. Nf3 Nc6 3. Bb5 Nf6 4. d3 Bc5 5. O-O O-O 6. Bxc6 bxc6 7. Nxe5 d5 8. d4 Bb6 9. exd5 cxd5 10. Nc3 Re8 11. Bg5 Qd6 12. Bxf6 gxf6 13. Ng4 c6 14. Nh6+ Kg7 15. Qh5 Re7 16. Nf5+ Bxf5 17. Qxf5 Kh8 18. Rad1 Rg8 19. Rd3 Rg5 20. Qc8+ Rg8 21. Qf5 Rg5 22. Qf3 Bc7 23. g3 Kg7 24. Re3 h5 25. Rxe7 Qxe7 26. Nd1 h4 27. Ne3 Qe6 28. Re1 hxg3 29. fxg3 f5 30. Ng2 Qh6 31. Rf1 Qh3 32. Rf2 Bb6 33. c3 c5 34. Qe3 f4 35. Qxf4 Qh5 36. Qf6+ Kg8 37. Nf4 Qg4 38. Nxd5 1-0

[Event "11th Dolomiti Open 2020"]
[Site "Forni di Sopra"]
[Date "2020.09.27"]
[Round "2.5"]
[White "Lumachi, Gabriele"]
[Black "Valsecchi, Alessio"]
[Result "0-1"]
[ECO "E62"]
[WhiteElo "2327"]
[BlackElo "2491"]
[Annotator "ChessBase"]
[PlyCount "78"]
[EventDate "2020.09.26"]
[EventType "swiss"]
[EventCountry "ITA"]
[SourceTitle "playchess.com"]
[Source "ChessBase"]
[SourceQuality "1"]
[TimeControl "40/5400+30:1800+30"]

1. Nf3 Nf6 2. c4 g6 3. g3 Bg7 4. Bg2 O-O 5. O-O d6 6. d4 Nc6 7. Nc3 e5 8. dxe5 dxe5 9. Bg5 Be6 10. Qa4 Qc8 11. Rad1 Nd7 12. Nd5 e4 13. Nd2 f5 14. Qxc6 bxc6 15. Ne7+ Kf7 16. Nxc8 Rfxc8 17. b3 a5 18. f3 exf3 19. Nxf3 h6 20. Bc1 a4 21. Nd4 Bxd4+ 22. Rxd4 axb3 23. axb3 Nc5 24. Rh4 Nxb3 25. Bxc6 Nxc1 26. Bxa8 Nxe2+ 27. Kf2 g5 28. Rxh6 Rxa8 29. Rh7+ Kf6 30. Rh6+ Ke5 31. Re1 Bxc4 32. Rc6 Kd5 33. Rxc7 Ra2 34. Rd1+ Nd4+ 35. Kg1 Bb5 36. Rc8 Ke4 37. Re1+ Kf3 38. Kh1 Kg4 39. Rec1 Bd3 0-1

[Event "11th Dolomiti Open 2020"]
[Site "Forni di Sopra"]
[Date "2020.09.27"]
[Round "2.6"]
[White "Blohberger, Felix"]
[Black "Fischer, Daniel"]
[Result "1-0"]
[ECO "E20"]
[WhiteElo "2467"]
[BlackElo "2331"]
[Annotator "ChessBase"]
[PlyCount "75"]
[EventDate "2020.09.26"]
[EventType "swiss"]
[EventCountry "ITA"]
[SourceTitle "playchess.com"]
[Source "ChessBase"]
[SourceQuality "1"]
[TimeControl "40/5400+30:1800+30"]

1. d4 Nf6 2. c4 e6 3. Nc3 Bb4 4. f3 c5 5. d5 d6 6. e4 b5 7. Nge2 O-O 8. Nf4 e5 9. Nfe2 bxc4 10. Ng3 Nbd7 11. Be2 Ne8 12. O-O g6 13. Bh6 Ng7 14. Qd2 f6 15. Bxc4 Rb8 16. Rab1 Qe7 17. Qc2 Rf7 18. Kh1 Kh8 19. Be2 Ba5 20. Nb5 Bb6 21. Na3 Bd8 22. Nc4 Nb6 23. Na5 Bd7 24. Nc6 Bxc6 25. Bxg7+ Kxg7 26. dxc6 Qc7 27. Bb5 Nc8 28. Qd3 Qb6 29. a4 Bc7 30. f4 exf4 31. Ne2 Ne7 32. Nxf4 Nxc6 33. Ne6+ Kh8 34. Ng5 Rff8 35. Rxf6 Rxf6 36. Qh3 h5 37. Qd7 Kg8 38. Bc4+ 1-0

[Event "11th Dolomiti Open 2020"]
[Site "Forni di Sopra"]
[Date "2020.09.27"]
[Round "2.7"]
[White "Pasini, Nicolo"]
[Black "Cumming, Rhys"]
[Result "1/2-1/2"]
[ECO "C45"]
[WhiteElo "2276"]
[BlackElo "2299"]
[Annotator "ChessBase"]
[PlyCount "29"]
[EventDate "2020.09.26"]
[EventType "swiss"]
[EventCountry "ITA"]
[SourceTitle "playchess.com"]
[Source "ChessBase"]
[SourceQuality "1"]
[TimeControl "40/5400+30:1800+30"]

1. e4 e5 2. Nf3 Nc6 3. d4 exd4 4. Nxd4 Nf6 5. Nxc6 bxc6 6. Nd2 d5 7. exd5 cxd5 8. Bb5+ Bd7 9. Bxd7+ Qxd7 10. O-O Be7 11. b3 O-O 12. Qf3 a5 13. Bb2 a4 14. Rad1 axb3 15. axb3 1/2-1/2

[Event "11th Dolomiti Open 2020"]
[Site "Forni di Sopra"]
[Date "2020.09.27"]
[Round "2.8"]
[White "Bordignon, Angelo"]
[Black "Gueci, Tea"]
[Result "1-0"]
[ECO "E20"]
[WhiteElo "2024"]
[BlackElo "2228"]
[Annotator "ChessBase"]
[PlyCount "65"]
[EventDate "2020.09.26"]
[EventType "swiss"]
[EventCountry "ITA"]
[SourceTitle "playchess.com"]
[Source "ChessBase"]
[SourceQuality "1"]
[TimeControl "40/5400+30:1800+30"]

1. d4 Nf6 2. c4 e6 3. Nc3 Bb4 4. f3 d5 5. a3 Be7 6. cxd5 exd5 7. e3 O-O 8. Bd3 Re8 9. Nge2 c5 10. O-O Nc6 11. Kh1 a6 12. Bb1 g6 13. Ba2 c4 14. e4 b5 15. e5 Nh5 16. g4 Ng7 17. Nf4 Be6 18. Bb1 Qd7 19. Nce2 Bd8 20. Be3 Bb6 21. Bf2 Qa7 22. Kg2 Rad8 23. Qd2 Na5 24. Bc2 Bc8 25. Bh4 Rd7 26. Bf6 Ne6 27. Rad1 Nc6 28. Nh3 Ncxd4 29. Qh6 Nxf3 30. Rxf3 Bd8 31. Ng5 Bxf6 32. Qxh7+ Kf8 33. exf6 1-0

[Event "11th Dolomiti Open 2020"]
[Site "Forni di Sopra"]
[Date "2020.09.27"]
[Round "2.9"]
[White "Giorgi, Ezio Alberto"]
[Black "Di Lascio, Savino"]
[Result "1-0"]
[ECO "A46"]
[WhiteElo "1752"]
[BlackElo "1921"]
[Annotator "ChessBase"]
[PlyCount "121"]
[EventDate "2020.09.26"]
[EventType "swiss"]
[EventCountry "ITA"]
[SourceTitle "playchess.com"]
[Source "ChessBase"]
[SourceQuality "1"]
[TimeControl "40/5400+30:1800+30"]

1. d4 Nf6 2. Bf4 d6 3. Nf3 Nbd7 4. e3 c6 5. c4 e5 6. Bg3 e4 7. Nfd2 h5 8. h3 c5 9. d5 a6 10. Nc3 Qa5 11. Qc2 b5 12. Ncxe4 Nxe4 13. Qxe4+ Kd8 14. Qc2 h4 15. Bf4 Rb8 16. Be2 bxc4 17. Bxc4 Be7 18. O-O Bf6 19. Bb3 Qc7 20. Nc4 Be7 21. Qd2 g5 22. Bh2 Nf6 23. Na5 Bd7 24. f3 Nh5 25. Nc4 Ng3 26. Bxg3 hxg3 27. Qa5 Qxa5 28. Nxa5 Kc7 29. Nc4 f5 30. Rfe1 Bf6 31. Rab1 f4 32. Kf1 Bf5 33. e4 Bxh3 34. gxh3 Rxh3 35. Ke2 Rbh8 36. e5 dxe5 37. Kd3 g2 38. d6+ Kd8 39. Ke4 R8h4 40. Rg1 Rg3 41. Bd1 Kd7 42. Be2 Rh2 43. Rbd1 Rgh3 44. Nxe5+ Bxe5 45. Kxe5 g4 46. Kxf4 gxf3 47. Bxf3 Rh6 48. Rxg2 Rf6+ 49. Ke3 Rh3 50. Rf2 Rxd6 51. Rxd6+ Kxd6 52. Kd2 Kc7 53. Be2 Rh6 54. Rg2 Rd6+ 55. Kc3 a5 56. Bd3 Kb7 57. Rg6 Rd4 58. Re6 Rd8 59. Be4+ Ka7 60. Rc6 Re8 61. Bd3 1-0

[Event "11th Dolomiti Open 2020"]
[Site "Forni di Sopra"]
[Date "2020.09.27"]
[Round "2.10"]
[White "Akhmedov, Alisher"]
[Black "Rivara, Massimo"]
[Result "1-0"]
[ECO "E49"]
[WhiteElo "1856"]
[BlackElo "1743"]
[Annotator "NA"]
[PlyCount "65"]
[EventDate "2020.09.26"]
[EventType "swiss"]
[EventCountry "ITA"]
[SourceTitle "playchess.com"]
[Source "ChessBase"]
[SourceQuality "1"]
[TimeControl "40/5400+30:1800+30"]

1. d4 Nf6 2. c4 e6 3. Nc3 Bb4 4. e3 c5 5. a3 Bxc3+ 6. bxc3 d5 7. cxd5 exd5 8. f3 O-O 9. Bd3 Re8 10. Ne2 Nc6 11. g4 Be6 12. O-O Qc7 13. Ng3 h6 14. Ra2 Na5 15. Nf5 cxd4 16. cxd4 Rac8 17. Rg2 Nc4 18. e4 Nh7 19. e5 Rcd8 20. h4 Kh8 21. g5 h5 22. g6 fxg6 23. Rxg6 Bxf5 24. Bxf5 Qf7 25. Bb1 Nf8 26. f4 Re6 27. f5 Nxg6 28. Qxh5+ Kg8 29. fxg6 Qxf1+ 30. Kxf1 Rb6 31. Qh7+ Kf8 32. Qh8+ Ke7 33. Bg5+ 1-0

[Event "11th Dolomiti Open 2020"]
[Site "Forni di Sopra"]
[Date "2020.09.28"]
[Round "3.1"]
[White "Valsecchi, Alessio"]
[Black "Heberla, Bartlomiej"]
[Result "1-0"]
[ECO "B70"]
[WhiteElo "2491"]
[BlackElo "2566"]
[Annotator "ChessBase"]
[PlyCount "69"]
[EventDate "2020.09.26"]
[EventType "swiss"]
[EventCountry "ITA"]
[SourceTitle "playchess.com"]
[Source "ChessBase"]
[SourceQuality "1"]
[TimeControl "40/5400+30:1800+30"]

1. e4 c5 2. Nf3 d6 3. d4 cxd4 4. Nxd4 Nf6 5. Nc3 Nc6 6. Bg5 g6 7. Be2 Bg7 8. Nb3 O-O 9. O-O b6 10. f4 Bb7 11. Bf3 Nd7 12. Qd2 Nc5 13. f5 Ne5 14. Nxc5 bxc5 15. Be2 Bc6 16. Rae1 Re8 17. Nd5 Bxd5 18. exd5 Qb6 19. c4 Rab8 20. b3 a5 21. fxg6 hxg6 22. h4 Qb4 23. Qc2 e6 24. Bd2 Qb7 25. h5 exd5 26. hxg6 fxg6 27. Bf4 Qe7 28. cxd5 Rb4 29. Bc4 Qh4 30. Rxe5 dxe5 31. Qxg6 Rf8 32. Bxe5 Rxf1+ 33. Kxf1 Qh7 34. d6+ Rxc4 35. Qe6+ 1-0

[Event "11th Dolomiti Open 2020"]
[Site "Forni di Sopra"]
[Date "2020.09.28"]
[Round "3.2"]
[White "Moroni, Luca Jr"]
[Black "Gumularz, Szymon"]
[Result "1-0"]
[ECO "E20"]
[WhiteElo "2530"]
[BlackElo "2518"]
[Annotator "ChessBase"]
[PlyCount "57"]
[EventDate "2020.09.26"]
[EventType "swiss"]
[EventCountry "ITA"]
[SourceTitle "playchess.com"]
[Source "ChessBase"]
[SourceQuality "1"]
[TimeControl "40/5400+30:1800+30"]

1. d4 Nf6 2. c4 e6 3. Nc3 Bb4 4. g3 O-O 5. Bg2 d5 6. Nf3 dxc4 7. O-O Nc6 8. Qa4 Nd5 9. Qc2 Be7 10. Rd1 Bd7 11. e4 Ncb4 12. Qd2 Nb6 13. Ne5 Nc6 14. Nxc6 Bxc6 15. Qe2 Re8 16. Be3 f5 17. d5 exd5 18. Bxb6 axb6 19. Nxd5 b5 20. Nb6 Bd6 21. Nxa8 Qxa8 22. a4 Qa6 23. axb5 Qxb5 24. Rd4 fxe4 25. Bxe4 Bc5 26. Bxc6 Qxc6 27. Qxc4+ Kh8 28. Re4 Rf8 29. Rf4 1-0

[Event "11th Dolomiti Open 2020"]
[Site "Forni di Sopra"]
[Date "2020.09.28"]
[Round "3.4"]
[White "Cumming, Rhys"]
[Black "Barp, Alberto"]
[Result "1/2-1/2"]
[ECO "D35"]
[WhiteElo "2299"]
[BlackElo "2377"]
[Annotator "ChessBase"]
[PlyCount "35"]
[EventDate "2020.09.26"]
[EventType "swiss"]
[EventCountry "ITA"]
[SourceTitle "playchess.com"]
[Source "ChessBase"]
[SourceQuality "1"]
[TimeControl "40/5400+30:1800+30"]

1. d4 d5 2. c4 e6 3. Nc3 Nf6 4. cxd5 Nxd5 5. e4 Nxc3 6. bxc3 c5 7. Rb1 Be7 8. h4 O-O 9. h5 h6 10. Qg4 Kh8 11. e5 cxd4 12. Bd3 Nd7 13. Bxh6 gxh6 14. Qe4 f5 15. exf6 Nxf6 16. Qg6 Qc7 17. Qxh6+ Kg8 18. Qg6+ 1/2-1/2

[Event "11th Dolomiti Open 2020"]
[Site "Forni di Sopra"]
[Date "2020.09.28"]
[Round "3.5"]
[White "Bellia, Fabrizio"]
[Black "Lumachi, Gabriele"]
[Result "1-0"]
[ECO "B02"]
[WhiteElo "2421"]
[BlackElo "2327"]
[Annotator "ChessBase"]
[PlyCount "81"]
[EventDate "2020.09.26"]
[EventType "swiss"]
[EventCountry "ITA"]
[SourceTitle "playchess.com"]
[Source "ChessBase"]
[SourceQuality "1"]
[TimeControl "40/5400+30:1800+30"]

1. e4 Nf6 2. e5 Ng8 3. d4 d6 4. Nf3 Nc6 5. Bb5 a6 6. Bxc6+ bxc6 7. O-O e6 8. Re1 Ne7 9. Nc3 Ng6 10. Ne4 Be7 11. b3 O-O 12. Ba3 Bb7 13. Qd2 c5 14. exd6 cxd6 15. dxc5 dxc5 16. Qe3 c4 17. Red1 Qc7 18. Bxe7 Qxe7 19. Nd6 cxb3 20. axb3 Rfd8 21. Nxb7 Qxb7 22. h4 h6 23. Rd4 Rxd4 24. Qxd4 Ne7 25. Rd1 Nd5 26. Ne5 Rc8 27. c4 Nf6 28. Qe3 Qe4 29. Qxe4 Nxe4 30. f3 Nf6 31. Ra1 Ra8 32. b4 Rb8 33. Rxa6 Rxb4 34. Ra8+ Kh7 35. Nxf7 Kg6 36. Ne5+ Kh5 37. Ra7 Kxh4 38. Rxg7 Rb1+ 39. Kh2 Re1 40. Nd3 Re2 41. Rg6 1-0